 Dungeon Crawl Stone Soup version 0.31-a0-968-g24f9ace8b5 (webtiles) character file.

Game seed: 18317759738095754120

70 Shayle the Trooper (level 4, -1/29 HPs)
             Began as a Tengu Hexslinger on Oct 27, 2023.
             Slain by a scorpion (2 damage)
             ... on level 4 of the Dungeon.
             The game lasted 00:02:37 (1882 turns).

Shayle the Trooper (Tengu Hexslinger)               Turns: 1882, Time: 00:02:37

Health: -1/29      AC:  3    Str:  6 (8)  XL:     4   Next: 22%
Magic:  6/6        EV: 12    Int: 13 (15) God:
Gold:   186        SH:  0    Dex: 16 (17) Spells: 5/5 levels left

rFire   . . .        a - +1 sling
rCold   . . .        (no shield)
rNeg    . . .        c - +0 robe
rPois   .            (helmet restricted)
rElec   .            l - +0 cloak
rCorr   .            (no gloves)
SInv    .            (boots unavailable)
Will    .....        (no amulet)
Stlth   +            (no ring)
HPRegen 0.24/turn    (no ring)
MPRegen 0.10/turn

%: acrobat
@: brilliant, lethally poisoned (-1 -> -14)
A: beak, talons 3, acrobatic
a: no special abilities


You were on level 4 of the Dungeon.
You visited 1 branch of the dungeon, and saw 4 of its levels.

You collected 186 gold pieces.

Inventory:

Hand Weapons
 a - a +1 sling (weapon)
Missiles
 j - 3 silver javelins
Armour
 c - a +0 robe (worn)
 l - a +0 cloak (worn)
Wands
 o - a wand of polymorph (7)
Scrolls
 b - a scroll of poison
 e - 2 scrolls of enchant weapon {unknown}
 f - 2 scrolls of noise {unknown}
 i - 3 scrolls of identify {unknown}
 n - a scroll of teleportation {unknown}
 p - a scroll of blinking {unknown}
 q - a scroll of torment {unknown}
 r - a scroll of fog {unknown}
Potions
 d - a potion of might {unknown}
 g - a potion of degeneration
 h - a potion of brilliance
 k - 2 potions of enlightenment {unknown}
 m - a potion of curing {unknown}


   Skills:
 + Level 3.9 Fighting
 - Level 2.1 Ranged Weapons
 - Level 2.1 Dodging
 - Level 1.0 Spellcasting
 - Level 2.1 Hexes
 - Level 1.1 Fire Magic


You had 5 spell levels left.
You didn't know any spells.
Your spell library contained the following spells:

 Spells                   Type           Power      Damage    Failure   Level
 Jinxbite                 Hex            18%        N/A       17%         2
 Sigil of Binding         Hex            9%         N/A       34%         3
 Inner Flame              Hex/Fire       7%         N/A       41%         3
 Cause Fear               Hex            4%         N/A       75%         4
 Dimensional Bullseye     Hex/Tloc       2%         N/A       87%         4
 Fireball                 Conj/Fire      1%         3d3       99%         5
 Dragon's Call            Summ           0%         N/A       100%        9


Dungeon Overview and Level Annotations

Branches:
Dungeon (4/15)
 Temple: D:4-7

Altars:
Trog
Xom

Shops:
D:1 (

Annotations:
D:3 2 transporters


Innate Abilities, Weirdness & Mutations

You have a beak for a mouth.
You have claws for feet.
You can magically evade attacks while moving or waiting.


Message History

An adder comes into view.
The kobold throws a poisoned dart.
The poisoned dart hits you!
You are poisoned.
The adder moves out of view.
You shoot a sling bullet. The sling bullet hits the kobold!
You kill the kobold!
You feel very sick.
No target in view!
No target in view!
A scorpion comes into view.
You feel sick.
You feel sick.
You shoot a sling bullet. The sling bullet hits the scorpion.
The scorpion is moderately wounded.
You feel sick.
You shoot a sling bullet.
The sling bullet closely misses the scorpion.
You feel sick. The scorpion completely misses you.
You shoot a sling bullet.
The sling bullet barely misses the scorpion.
The adder hisses angrily.
You feel sick.
You are no longer poisoned.
The scorpion stings you.
You are poisoned.
The scorpion poisons you! The scorpion stings you.
You are more poisoned.
The scorpion poisons you!
It was a potion of degeneration.
There was something very wrong with that liquid.
You feel weakened.
You feel dopey.
You feel clumsy.
* * * LOW HITPOINT WARNING * * *
You feel very sick. The scorpion closely misses you.
It was a potion of brilliance.
You feel clever all of a sudden.
* * * LOW HITPOINT WARNING * * *
You feel very sick. The scorpion stings you.
You die...

.##.......#......†...#.##..#.
##.....####.######...##.##.
##...## #.# #...##.##. ###.
#.# ##.....##. #. #.#
#....###. #. ##.## ###...>.#.
#...# #.....#.#. #...#
#.....[..< #@..# #.......#.
#.s.## #.......#. #...#
#....#..#. )..## #....#..#.
S..## #......... ...#
#.....#... #... #........#
...# ######...# ##...


You could see a scorpion and an adder.

Vanquished Creatures
  An adder (D:4)
  A worm (D:2)
  A dart slug (D:1)
  2 orcs (D:3)
  5 ball pythons
  3 endoplasms
  11 goblins
  4 hobgoblins
  A quokka (D:2)
  8 bats
  3 frilled lizards
  5 kobolds
  5 rats
50 creatures vanquished.

Notes
Turn   | Place    | Note
-------+----------+-------------------------------------------
     0 | D:1      | Shayle the Tengu Hexslinger began the quest for the Orb.
     0 | D:1      | Reached XP level 1. HP: 12/12 MP: 3/3
    61 | D:1      | Found a faded altar of an unknown god.
   329 | D:1      | Reached skill level 2 in Fighting
   329 | D:1      | Reached XP level 2. HP: 17/17 MP: 4/4
   511 | D:1      | Found Guovalint's Weapon Shoppe.
   754 | D:2      | Reached XP level 3. HP: 22/22 MP: 5/5
   806 | D:2      | Reached skill level 3 in Fighting
  1308 | D:3      | You fall into a shaft and drop 1 floor!
  1385 | D:3      | Found a transporter.
  1414 | D:3      | Found a transporter.
  1561 | D:3      | Found a shimmering altar of Xom.
  1774 | D:4      | Found a bloodstained altar of Trog.
  1798 | D:4      | Reached XP level 4. HP: 29/29 MP: 6/6
  1876 | D:4      | Noticed a scorpion
  1882 | D:4      | HP: 1/29 [poisoned by a scorpion]
  1882 | D:4      | Slain by a scorpion

Illustrated notes

Levels and vault maps discovered:
D:1:      co_arrival_two_rings, layout_loops_ring, serial_shops,
          nicolae_shop_just_a_little_nook, hellmonk_ecumenical_altar_lost_god,
          nicolae_the_louvre
D:2:      layout_rooms
D:3:      gammafunk_wand_slinger, layout_rooms, lemuel_doored_altar
D:4:      layout_rooms, trog_hazing_becter, serial_curves, eino_curves_02,
          eino_curves_04

Skill      XL: |  1  2  3 |
---------------+----------+-----
Fighting       | 2 3 |  3.9
Ranged Weapons | |  2.1
Dodging        | |  2.1
Spellcasting   | |  1.0
Hexes          | |  2.1
Fire Magic     | |  1.1

Action                     |  1- 3 |  4- 6 || total
---------------------------+-------+-------++-------
   Fire: Sling             |   140 |    14 ||   154
    Use: Potion            |       |     2 ||     2
 Armour: Robe              |    32 |     3 ||    35
  Dodge: Dodged            |    51 |     4 ||    55

Table legend: (Time is in decaauts)
 A = Elapsed time spent in this place.
 B = Non-inter-level travel time spent in this place.
 C = Inter-level travel time spent in this place.
 D = Time resting spent in this place.
 E = Time spent auto-exploring this place.
 F = Levels seen in this place.
 G = Mean time per level.
                   A        B        C        D        E       F      G
               +--------+--------+--------+--------+--------+-----+--------+
         Total |   1927 |   1844 |     83 |      5 |   1468 |   4 |  481.8 |
       Dungeon |   1927 |   1844 |     83 |      5 |   1468 |   4 |  481.8 |
               +--------+--------+--------+--------+--------+-----+--------+

Top non-repeatable levels by time:
     D:1: 653 daAuts
     D:2: 617 daAuts
     D:3: 466 daAuts
     D:4: 189 daAuts
